 Dungeon Crawl Stone Soup version 0.30.0-19-g36f170ea60 (webtiles) character file.

Game seed: 5050129243541921514

25 Bnni the Digger (level 3, -1/26 HPs)
             Began as a Formicid Earth Elementalist on May 30, 2023.
             Slain by Sigmund
             ... wielding a +0 scythe
              (8 damage)
             ... on level 2 of the Dungeon.
             The game lasted 00:01:42 (1020 turns).

Bnni the Digger (Formicid Earth Elementalist)       Turns: 1020, Time: 00:01:43

Health: -1/26      AC:  2    Str: 12    XL:     3   Next: 20%
Magic:  5/6        EV: 12    Int: 16    God:
Gold:   30         SH:  0    Dex: 14    Spells: 0/6 levels left

rFire   . . .        d - +1 dagger (drain)
rCold   . . .        (no shield)
rNeg    . . .        a - +0 robe
rPois   .            (helmet unavailable)
rElec   .            (no cloak)
rCorr   .            (no gloves)
SInv    +            (no boots)
Will    .....        (no amulet)
Stlth   ++           (no ring)
HPRegen 0.24/turn    (no ring)
MPRegen 0.10/turn

%: no passive effects
@: no status effects
A: permanent stasis, dig shafts and tunnels, antennae 3, four strong arms
a: Dig, Shaft Self


You were on level 2 of the Dungeon.
You visited 1 branch of the dungeon, and saw 2 of its levels.

You collected 30 gold pieces.

Inventory:

Hand Weapons
 d - a +1 dagger of draining (weapon)
Armour
 a - a +0 robe (worn)
 g - a +0 ring mail
Jewellery
 i - a ring of ice
 k - a ring of ice
Scrolls
 c - 2 scrolls of teleportation {unknown}
 j - a scroll of poison {unknown}
Potions
 b - a potion of magic
 e - 3 potions of curing {unknown}
 f - a potion of degeneration {unknown}
 h - a potion of brilliance {unknown}


   Skills:
 + Level 1.0 Fighting
 - Level 1.7 Dodging
 - Level 2.4 Stealth
 + Level 2.4 Spellcasting
 + Level 0.6 Conjurations
 + Level 1.7 Transmutations
 * Level 4.1 Earth Magic


You couldn't memorise any spells.
You knew the following spells:

 Your Spells              Type           Power      Damage    Failure   Level
a - Sandblast             Erth           30%        2d9       3%          1
b - Passwall              Tmut/Erth      9%         N/A       9%          2
c - Stone Arrow           Conj/Erth      18%        3d8       22%         3

Your spell library contained the following spells:

 Spells                   Type           Power      Damage    Failure   Level
 Petrify                  Tmut/Erth      11%        N/A       52%         4


Dungeon Overview and Level Annotations

Branches:
Dungeon (2/15)

Altars:

Shops:
D:1 (=

Annotations:
D:2 Sigmund


Innate Abilities, Weirdness & Mutations

You cannot be hasted, slowed, berserked, paralysed or teleported.
You can dig through walls and to a lower floor.
You have a pair of large antennae on your head. (SInv)
Your four strong arms can wield two-handed weapons with a shield.


Message History

You hit the bat. You drain the bat.
You kill the bat!
Your Fighting skill increases to level 1!
No target in view!
Found 3 boomerangs.
Found a stone staircase leading down.
You sense a monster nearby.
No target in view!
You sense a monster nearby.
Sigmund the Dreaded comes into view.
He is wielding a +0 scythe and wearing a +2 robe of willpower.
Sigmund is nearby!
An endoplasm comes into view.
The endoplasm quivers.
Found a scroll labelled NIOVVE TIOT.
The endoplasm hits you.
You hit the endoplasm. You drain the endoplasm.
The endoplasm is almost dead.
The endoplasm hits you.
You hit the endoplasm.
You kill the endoplasm!
No target in view!
You start resting.
HP restored.
Found a stone staircase leading down.
A kobold comes into view. It is wielding a +0 short sword.
Sigmund shouts!
The kobold shouts!
Sigmund closely misses you.
A rat comes into view.
The kobold throws a stone.
The stone barely misses you. Sigmund hits you with a +0 scythe!
You closely miss Sigmund.
Unknown command.
Aiming: Sandblast (safe; 3% risk of failure)
Press: ? - help, Q - select action, (/) - cycle Shift-Dir - straight line, f - Sigmund
Aim: Sigmund, wielding a +0 scythe and wearing a +2 robe of willpower (80% to hit)
The blast of sand hits Sigmund.
Sigmund is lightly wounded.
Sigmund points at you and mumbles some strange words.
The magic dart hits you!
* * * LOW HITPOINT WARNING * * *
Sigmund hits you with a +0 scythe!
You die...

.....#.......#
#.... #.#####.#
...#..#.# #.#
#..#..#.. #.# #
.....# #.#
....# #.#
.#K.## #.#
##.r@# #.#
#.#@###.######
#..>..........#
#######.#####.#
#?# ..# ###


You could see Sigmund, a kobold and a rat.

Vanquished Creatures
  A dart slug (D:1)
  2 endoplasms
  A goblin (D:1)
  2 hobgoblins (D:1)
  2 quokkas (D:1)
  2 ball pythons (D:1)
  4 bats
  3 frilled lizards (D:1)
  3 kobolds (D:1)
  3 rats (D:1)
23 creatures vanquished.

Notes
Turn   | Place    | Note
-------+----------+-------------------------------------------
     0 | D:1      | Bnni the Formicid Earth Elementalist began the quest for
                  | the Orb.
     0 | D:1      | Reached XP level 1. HP: 13/13 MP: 3/3
   322 | D:1      | Reached XP level 2. HP: 20/20 MP: 3/5
   507 | D:1      | Found Gejoylir's Jewellery Shop.
   564 | D:1      | Reached skill level 4 in Earth Magic
   763 | D:1      | Found Zeets's Weapon Shop.
   777 | D:1      | Reached XP level 3. HP: 25/25 MP: 6/6
   919 | D:1      | Learned a level 2 spell: Passwall
   923 | D:1      | Learned a level 3 spell: Stone Arrow
   980 | D:2      | Reached skill level 1 in Fighting
   988 | D:2      | Noticed Sigmund
  1020 | D:2      | Slain by Sigmund

Illustrated notes

Levels and vault maps discovered:
D:1:      tarquinn_simple_flora_water_d, layout_basic, serial_shops, shop, shop,
          minmay_misc_feat_tower
D:2:      layout_basic, uniq_sigmund

Skill      XL: |  1  2  3 |
---------------+----------+-----
Earth Magic    | 4 |  4.1
Fighting       | 1 |  1.0
Dodging        | |  1.7
Stealth        | |  2.4
Spellcasting   | |  2.4
Conjurations   | |  0.6
Transmutations | |  1.7

Action                     || total
---------------------------++-------
  Melee: Dagger            ||     7
   Cast: Sandblast         ||    24
   Stab: Sleeping          ||     1
  Dodge: Dodged            ||     2
